 Dungeon Crawl Stone Soup version 0.29.1-14-g9c671dbff4 (webtiles) character file.

Game seed: 2948110926143767153

419 Wobber the Changer (level 6, -1/38 HPs)
             Began as an Octopode Transmuter on Feb 16, 2023.
             Was an Initiate of Gozag.
             Killed from afar by an orc (14 damage)
             ... with an iceblast
             ... on level 4 of the Dungeon.
             The game lasted 00:21:28 (3878 turns).

Wobber the Changer (Octopode Transmuter)            Turns: 3878, Time: 00:21:28

Health: -1/38      AC:  1    Str:  9    XL:     6   Next: 93%
Magic:  10/11      EV: 13    Int: 17    God:    Gozag
Gold:   109        SH:  0    Dex: 13    Spells: 0/11 levels left

rFire   x . .      SeeInvis .     - Unarmed
rCold   + . .      Faith    .   (no shield)
rNeg    . . .      Spirit   .   (helmet currently unavailable)
rPois   .          Reflect  .   (no amulet)
rElec   .          Harm     .   e - ring of wizardry
rCorr   .          Rampage  .   q - ring of ice
Will    .....                   (no ring)
Stlth   ++........              (no ring)
HPRegen 0.12/turn               (no ring)
MPRegen 0.12/turn               (no ring)
                                (no ring)
                                (no ring)

@: appendages, wereblooded
A: tentacle spike 3, almost no armour, amphibious, 8 rings, camouflage 1,
gelatinous body 1, (nimble swimmer 1), tentacles
a: End Transformation, Renounce Religion, Potion Petition, Call Merchant, Bribe
Branch


You were on level 4 of the Dungeon.
You worshipped Gozag.
Gozag was aware of your devotion.
One of your tentacles had grown a beastly spike.
You visited 2 branches of the dungeon, and saw 5 of its levels.

You collected 186 gold pieces.
You paid 77 gold pieces to Gozag.

Inventory:

Hand Weapons
 a - a +0 sling
Missiles
 f - 10 poisoned darts
 h - 22 stones
Armour
 k - a +1 buckler of protection
Jewellery
 e - a ring of wizardry (left tentacle)
 q - a ring of ice (right tentacle)
Wands
 d - a wand of charming (8)
 o - a wand of flame (36)
Scrolls
 g - a scroll of identify
 m - 2 scrolls of immolation
 n - a scroll of blinking {unknown}
Potions
 b - a potion of magic {unknown}
 c - a potion of lignification
 i - 2 potions of might {unknown}
 j - 3 potions of attraction
 l - a potion of brilliance {unknown}
 p - 2 potions of curing {unknown}
 r - a potion of invisibility {unknown}
 s - a potion of heal wounds


   Skills:
 - Level 1.0 Fighting
 - Level 2.0 Dodging
 + Level 1.0 Shields
 - Level 3.0 Unarmed Combat
 - Level 3.4 Spellcasting
 + Level 4.7 Transmutations
 + Level 3.8 Ice Magic


You couldn't memorise any spells.
You knew the following spells:

 Your Spells              Type           Power      Damage    Failure   Level
a - Beastly Appendage     Tmut           38%        N/A       1%          1
b - Wereblood             Tmut           19%        N/A       1%          2
c - Freeze                Ice            92%        1d10      1%          1
d - Frozen Ramparts       Ice            46%        1d7       4%          3
e - Ice Form              Ice/Tmut       26%        N/A       12%         4

Your spell library contained the following spells:

 Spells                   Type           Power      Damage    Failure   Level
 Ensorcelled Hibernation  Hex/Ice        28%        N/A       4%          2
 Spider Form              Tmut/Pois      11%        N/A       8%          3
 Hailstorm                Conj/Ice       14%        3d5       28%         4
 Anguish                  Hex/Necr       1%         N/A       52%         4
 Summon Lightning Spire   Summ/Air       2%         N/A       52%         4
 Summon Forest            Summ/Tloc      1%         N/A       86%         5
 Eringya's Noxious Bog    Tmut/Pois      5%         N/A       98%         6
 Storm Form               Tmut/Air       5%         N/A       100%        7
 Summon Hydra             Summ           1%         N/A       100%        7
 Maxwell's Capacitive Co  Air            1%         ∞         100%        8


Dungeon Overview and Level Annotations

Branches:
Dungeon (4/15)             Temple (1/1) D:4

Altars:
Ashenzari
Cheibriados
Dithmenos
Elyvilon
Fedhas
Gozag
Makhleb
Nemelex Xobeh
Okawaru
Qazlal
Ru
Sif Muna
Uskayaw
Vehumet
Wu Jian
Xom
Zin
The Shining One


Innate Abilities, Weirdness & Mutations

One of your tentacles has grown a beastly spike.
You cannot wear most types of armour.
You are amphibious.
You can wear up to eight rings at the same time.
Your skin changes colour to match your surroundings (Stealth+).
Your rubbery body absorbs attacks. (AC +1, EV +1)
((You are camouflaged when in or above water. (Stealth+)))
You have tentacles for arms and can constrict up to eight enemies at once.


Message History

An orc priest comes into view. It is wielding a +0 club.
The orc hits you with a +2 dagger of venom.
You are poisoned.
Casting: Beastly Appendage (safe; 1% risk of failure)
Confirm with . or Enter, or press ? or * to list all spells.
Your blood is infused with primal strength.
You feel very sick.
The orc hits you with a +2 dagger of venom.
You tentacle-slap the orc. You grab the orc.
Your tentacle spike misses the orc.
The orc is heavily wounded.
You constrict the orc.
You feel sick.
The orc hits you with a +2 dagger of venom.
You are more poisoned.
You tentacle-slap the orc but do no damage.
You pierce the orc.
You squeeze the orc.
You feel a bit better.
You kill the orc!
You feel very sick.
Your Shields skill increases to level 1!
You feel sick.
You howl as the wereblood boils in your veins!
You feel sick.
The orc shouts!
Things that are here:
a +0 dagger; a +0 robe You feel sick.
You feel sick.
You feel sick.
You howl as the wereblood boils in your veins!
You feel sick.
You feel sick.
There is an open door here.
You feel sick.
You close the door.
You feel sick.
You are no longer poisoned.
An orc opens the door.
The orc zaps a wand.
The mass of ice explodes!
The iceblast engulfs you! You partially resist.
You die...
Your body crumbles into a pile of gold.

#######...........>..#
#......########......# #......+
#......# #..^...# $ #......#
####### #......# #...<..# ......#
#...)..########......#
......#####.##'###......#......#
......#...#.............#......#
......+...#.....@.......#......#$
.)....#...#.............#......#
......#...#.............#......#
.<....#...########......#......#
#)#####...##....####'####....
..........#.....#...o........
...g......#.....#............
..........#.....+........####
.....##...##....#.o......#


You could see an orc.

Vanquished Creatures
  A hound (D:3)
  A jelly (D:4)
  Crazy Yiuf (D:2)
  Jessica (D:2)
  Ijyb (D:3)
  Natasha (thrice) (D:3)
  4 orc wizards
  2 adders
  A dart slug (D:1)
  11 orcs
  6 ball pythons
  4 bats
  9 endoplasms
  3 goblins
  5 hobgoblins
  15 jackals
  4 kobolds
  4 quokkas
  4 frilled lizards
  6 rats
86 creatures vanquished.

Vanquished Creatures (others)
  3 plants (D:3)
3 creatures vanquished.

Grand Total: 89 creatures vanquished

Notes
Turn   | Place    | Note
-------+----------+-------------------------------------------
     0 | D:1      | Wobber the Octopode Transmuter began the quest for the Orb.
     0 | D:1      | Reached XP level 1. HP: 13/13 MP: 3/3
   268 | D:1      | Reached XP level 2. HP: 18/18 MP: 3/5
   542 | D:1      | Learned a level 1 spell: Freeze
   843 | D:2      | Reached XP level 3. HP: 23/23 MP: 6/6
   862 | D:2      | Learned a level 2 spell: Wereblood
   866 | D:2      | Learned a level 3 spell: Frozen Ramparts
   919 | D:2      | Reached skill level 1 in Ice Magic
  1013 | D:2      | Identified the +5 ring mail of the Gravedigger {Str+2 SInv}
  1085 | D:2      | Found a faded altar of an unknown god.
  1129 | D:2      | Reached skill level 3 in Transmutations
  1346 | D:2      | Noticed Jessica
  1354 | D:2      | Killed Jessica
  1355 | D:2      | Reached XP level 4. HP: 28/28 MP: 4/8
  1429 | D:2      | Found a runed translucent door.
  1430 | D:2      | Noticed Crazy Yiuf
  1445 | D:2      | Killed Crazy Yiuf
  1595 | D:2      | Identified a scroll of acquirement
  1595 | D:2      | Acquired a +0 buckler of protection
  1720 | D:3      | Reached XP level 5. HP: 32/33 MP: 9/9
  2002 | D:3      | Found an iron altar of Okawaru.
  2216 | D:3      | Noticed Ijyb
  2228 | D:3      | Killed Ijyb
  2230 | D:3      | Reached skill level 4 in Transmutations
  2235 | D:3      | Reached XP level 6. HP: 14/38 MP: 4/10
  2484 | D:3      | Found a blossoming altar of Fedhas.
  2575 | D:3      | Noticed Natasha
  2581 | D:3      | Killed Natasha
  2595 | D:3      | Learned a level 4 spell: Ice Form
  3043 | D:3      | Noticed Natasha
  3077 | D:3      | Killed Natasha
  3129 | D:3      | Noticed Natasha
  3269 | D:3      | Killed Natasha
  3364 | D:4      | Found a glowing silver altar of Zin.
  3670 | D:4      | Found a staircase to the Ecumenical Temple.
  3690 | Temple   | Entered the Ecumenical Temple
  3712 | Temple   | Became a worshipper of Gozag Ym Sagoz the Greedy
  3866 | D:4      | Reached skill level 1 in Shields
  3878 | D:4      | Killed from afar by an orc

Illustrated notes

Levels and vault maps discovered:
D:1:      minmay_arrival_three_doors, layout_rooms
D:2:      layout_basic, shapermc_ecumenical_altar_venn, uniq_jessica,
          uniq_crazy_yiuf_cottage
D:3:      cheibrodos_old_hovel, layout_loops_corners, fedhas_ov_isle_minmay,
          okawaru_trees_1, uniq_natasha, uniq_ijyb
D:4:      layout_gridville, mainiacjoe_overflow_small_starburst,
          minmay_temple_entry_offerings
Temple:   hellmonk_temple_two_chambers

Skill      XL: |  1  2  3  4  5  6 |
---------------+-------------------+-----
Ice Magic      | 1 2 3 |  3.8
Transmutations | 3 4 |  4.7
Spellcasting   | 3 |  3.4
Shields        | 1 |  1.0
Fighting       | |  1.0
Dodging        | |  2.0
Unarmed Combat | |  3.0

Action                   |  1- 3 |  4- 6 || total
-------------------------+-------+-------++-------
Melee: Unarmed           |    74 |   108 ||   182
       Constrict         |    18 |    24 ||    42
       Kick              |    12 |    36 ||    48
       Tentacles         |    16 |    27 ||    43
       Punch             |     2 |     3 ||     5
 Fire: Sling             |     6 |    32 ||    38
 Cast: Beastly Appendage |    18 |    32 ||    50
       Wereblood         |     3 |     9 ||    12
       Frozen Ramparts   |       |     5 ||     5
       Freeze            |       |     2 ||     2
  Use: Scroll            |     2 |     6 ||     8
       Potion            |       |     3 ||     3
 Stab: Sleeping          |     4 |     3 ||     7
Armor: Skin              |    16 |     6 ||    22
Dodge: Dodged            |    65 |    45 ||   110
